 Dungeon Crawl Stone Soup version 0.30-a0-782-ge64f9170bb (webtiles) character file.

Game seed: 16154267100607131945

30 112233 the Poker (level 3, 0/27 HPs)
             Began as a Merfolk Gladiator on Feb 27, 2023.
             Slain by Robin
             ... wielding a +1 short sword of protection
              (6 damage)
             ... on level 2 of the Dungeon.
             The game lasted 00:00:29 (542 turns).

112233 the Poker (Merfolk Gladiator)                 Turns: 542, Time: 00:00:30

Health: 0/27       AC:  4    Str: 16    XL:     3   Next: 20%
Magic:  3/3        EV: 13    Int:  7    God:
Gold:   73         SH:  0    Dex: 15    Spells: 2/2 levels left

rFire   . . .      SeeInvis .    a - +0 trident
rCold   . . .      Faith    .    (no shield)
rNeg    . . .      Spirit   .    b - +0 leather armour
rPois   .          Reflect  .    c - +0 helmet
rElec   .          Harm     .    (no cloak)
rCorr   .          Rampage  .    (no gloves)
Will    .....                    (no boots)
Stlth   +                        (no amulet)
HPRegen 0.24/turn                (no ring)
MPRegen 0.08/turn                (no ring)

@: brilliant, flying
A: (nimble swimmer 2), mertail
a: no special abilities


You were on level 2 of the Dungeon.
You visited 1 branch of the dungeon, and saw 2 of its levels.

You collected 73 gold pieces.

Inventory:

Hand Weapons
 a - a +0 trident (weapon)
Missiles
 d - 3 throwing nets (quivered)
 e - a javelin
Armour
 b - a +0 leather armour (worn)
 c - a +0 helmet (worn)
Jewellery
 g - a +6 ring of strength
Scrolls
 f - 2 scrolls of identify {unknown}
 h - a scroll of immolation {unknown}
 k - a scroll of magic mapping {unknown}


   Skills:
 - Level 2.1 Fighting
 + Level 5.6 Polearms
 - Level 2.0 Throwing
 - Level 4.0 Dodging


You had 2 spell levels left.
You didn't know any spells.
Your spell library was empty.

Dungeon Overview and Level Annotations

Branches:
Dungeon (1/15)

Altars:

Annotations:
D:2 Robin


Innate Abilities, Weirdness & Mutations

((You are very nimble when in or above water. (Stealth+, EV+, Speed+++)))
Your lower body shifts to a powerful aquatic tail in water.


Message History

The goblin hits you with a +0 dagger. The goblin closely misses you.
It was a potion of brilliance.
You feel clever all of a sudden. The goblin misses you.
The goblin hits you but does no damage.
A goblin comes into view. It is wielding a +0 club.
Unknown command.
It was a potion of flight.
You feel very buoyant.
You fly up into the air.
The goblin barely misses you. The goblin hits you with a +0 dagger.
Unknown command.
You hit the goblin.
You kill the goblin!
The goblin misses you.
Robin flexes a bicep menacingly.
Robin roars a battlecry!
Unknown command.
Things that are here:
a +0 dagger; a +0 sling You completely miss the goblin.
The goblin misses you. Robin throws the goblin at you!
The goblin hits you with a +0 dagger.
You barely miss the goblin.
The goblin hits you with a +0 dagger. x2
* * * LOW HITPOINT WARNING * * *
You puncture the goblin!
You kill the goblin!
The goblin hits you but does no damage.
An endoplasm comes into view.
Unknown command.
The endoplasm quivers.
You hit the goblin.
The goblin is moderately wounded.
The goblin hits you with a +0 dagger.
* * * LOW HITPOINT WARNING * * *
Robin barely misses you.
Unknown command.
You hit Robin.
Robin is lightly wounded.
The goblin barely misses you.
Robin hits you with a +1 short sword of protection.
You die...

...# ##.####.#......#
#.#####.....#.#.####.# #
#......#.##........#.#
#.###.#####..####.#.##.#.#
#.....######.....)#.##.#.#
###.......#########.......
#######.# ####.### #g#
#.### #@# #...# #g# #.#.#
#S# #.#.# #g# #.... #g#
###.#


.gJ ######.# ... #......# ... #.###### .###. You could see Robin, an endoplasm,
4 goblins and a ball python.

Vanquished Creatures
  An adder (D:2)
  A dart slug (D:1)
  A bat (D:1)
  3 endoplasms (D:1)
  2 giant cockroaches (D:1)
  4 goblins (D:2)
  A hobgoblin (D:2)
  2 frilled lizards (D:1)
  A kobold (D:1)
  2 rats (D:1)
18 creatures vanquished.

Notes
Turn   | Place    | Note
-------+----------+-------------------------------------------
     0 | D:1      | 112233 the Merfolk Gladiator began the quest for the Orb.
     0 | D:1      | Reached XP level 1. HP: 16/16 MP: 1/1
   146 | D:1      | Reached XP level 2. HP: 21/22 MP: 2/2
   363 | D:1      | Reached skill level 5 in Polearms
   422 | D:1      | You fall into a shaft and drop 1 floor!
   455 | D:2      | Reached XP level 3. HP: 20/27 MP: 3/3
   525 | D:2      | Noticed Robin
   542 | D:2      | Slain by Robin

Illustrated notes

Levels and vault maps discovered:
D:1:      lemuel_arrival_room, layout_basic
D:2:      layout_loops_cross, chequers_serial_rivers_room_a, uniq_terence,
          uniq_robin

Skill      XL: |  1  2 |
---------------+-------+-----
Polearms       | 5 |  5.6
Fighting       | |  2.1
Throwing       | |  2.0
Dodging        | |  4.0

Action                     || total
---------------------------++-------
  Melee: Trident           ||    51
         Punch             ||     2
    Use: Potion            ||     2
   Stab: Sleeping          ||     1
 Armour: Leather armour    ||     9
  Dodge: Dodged            ||    26

Table legend: (Time is in decaauts)
 A = Elapsed time spent in this place.
 B = Non-inter-level travel time spent in this place.
 C = Inter-level travel time spent in this place.
 D = Time resting spent in this place.
 E = Time spent auto-exploring this place.
 F = Levels seen in this place.
 G = Mean time per level.
                   A        B        C        D        E       F      G
               +--------+--------+--------+--------+--------+-----+--------+
         Total |    545 |    545 |      0 |      0 |    435 |   2 |  272.5 |
       Dungeon |    545 |    545 |      0 |      0 |    435 |   2 |  272.5 |
               +--------+--------+--------+--------+--------+-----+--------+

Top non-repeatable levels by time:
     D:1: 424 daAuts
     D:2: 120 daAuts
